 Dungeon Crawl Stone Soup version 0.31-a0-743-g45f7035092 (webtiles) character file.

Game seed: 894405425184114380

4429 cforsyth the Fighter (level 10, -2/70 HPs)
             Began as a Djinni Chaos Knight on Sept 12, 2023.
             Was a Plaything of Xom.
             Slain by a wight
             ... wielding a +3 great sword
              (10 damage)
             ... on level 9 of the Dungeon.
             The game lasted 00:17:10 (9385 turns).

cforsyth the Fighter (Djinni Chaos Knight)          Turns: 9385, Time: 00:17:11

Health: -2/70      AC:  5    Str: 14    XL:     10   Next: 62%
Gold:   1587       EV: 10    Int: 18    God:    Xom [...*..] SH: 11 Dex: 16

rFire   + + .        o - +8 dagger "Ifynuqog" {flame, Fly Str+4}
rCold   . . .        j - +0 kite shield
rNeg    . . .        F - +2 leather armour {rC+}
rPois   ∞            (no helmet)
rElec   .            (no cloak)
rCorr   .            (no gloves)
SInv    +            (boots unavailable)
Will    ++...        B - amulet of regeneration
Stlth   +            a - ring of wizardry
HPRegen 1.11/turn    y - ring of see invisible
MPRegen 0.00/turn

%: wizardry (x1), infuse magic (-3 HP)
@: flying, very slightly contaminated
A: sickness immunity, fire resistance 2, cold vulnerability 1, float, innate
caster, HP casting, extra vitality 1, agile 1, frail 1, strong-willed 1, passive
freeze, screaming 1, inability to drink after injury 1, noise suppression
a: Renounce Religion


You were on level 9 of the Dungeon.
You worshipped Xom.
You were a favourite toy of Xom.
You visited 1 branch of the dungeon, and saw 9 of its levels.

You collected 1587 gold pieces.

Inventory:

Hand Weapons
 o - the +8 dagger "Ifynuqog" (weapon) {flame, Fly Str+4}
   (You found it on level 4 of the Dungeon)

   Str+4:     It affects your strength (+4).
   Fly:       It grants you flight.
 E - a +4 mace
Missiles
 n - a throwing net
Armour
 j - a +0 kite shield (worn)
 F - a +2 leather armour of cold resistance (worn)
Jewellery
 a - a ring of wizardry (left hand)
 m - a ring of willpower
 p - a ring of resist corrosion
 y - a ring of see invisible (right hand)
 B - an amulet of regeneration (around neck)
Wands
 x - a wand of quicksilver (23)
Scrolls
 d - 2 scrolls of enchant weapon {unknown}
 g - 4 scrolls of identify {unknown}
 h - 3 scrolls of teleportation {unknown}
 k - 3 scrolls of fog
 l - 2 scrolls of revelation
 u - a scroll of fear
 v - a scroll of enchant armour {unknown}
 w - 2 scrolls of noise {unknown}
 A - a scroll of amnesia {unknown}
 C - a scroll of blinking {unknown}
Potions
 c - a potion of haste {unknown}
 e - 3 potions of heal wounds {unknown}
 f - 2 potions of enlightenment {unknown}
 i - a potion of degeneration {unknown}
 q - a potion of cancellation {unknown}
 r - a potion of ambrosia {unknown}
 s - 2 potions of magic {unknown}
 t - a potion of attraction {unknown}
 z - a potion of mutation {unknown}
 D - 2 potions of curing {unknown}


   Skills:
 + Level 9.6 Fighting
 - Level 2.6 Long Blades
 - Level 1.0 Armour
 - Level 2.1 Dodging
 + Level 8.6 Shields
 + Level 5.7 Spellcasting
 + Level 5.7 Conjurations
 + Level 5.7 Hexes
   Level 0.0 Charms
 + Level 5.7 Summonings
 + Level 5.7 Necromancy
 + Level 5.7 Translocations
 + Level 5.7 Transmutations
 + Level 5.7 Fire Magic
 + Level 5.7 Ice Magic
 + Level 5.7 Air Magic
 + Level 5.7 Earth Magic
 + Level 5.7 Poison Magic


You knew the following spells:

 Your Spells              Type           Power      Damage    Failure   Level
a - Freeze                Ice            100%       1d10      1%          1
b - Static Discharge      Conj/Air       50%        2-5/arc   2%          2
c - Call Canine Familiar  Summ           25%        N/A       4%          3
d - Animate Armour        Summ/Erth      50%        N/A       16%         4
Your spell library was empty.

Dungeon Overview and Level Annotations

Branches:
Dungeon (9/15)
 Temple: D:4-7         Lair: D:8-11         Orc: D:9-12

Altars:
Cheibriados
Dithmenos
Xom


Innate Abilities, Weirdness & Mutations

You are immune to sickness and miasma.
You are immune to poison.
Your flesh is very heat resistant. (rF++)
You are vulnerable to cold. (rC-)
You float through the air rather than walking.
You learn spells naturally, not from books.
Your magical power is your life essence.
You have superior vitality. (+4 MHP)
You are agile. (Dex +4, Str/Int -1)
You are frail. (-10% HP)
You are strong-willed. (Will+)
A frigid envelope surrounds you and freezes all who hurt you.
You occasionally shout uncontrollably at your foes.
You occasionally lose the ability to drink potions when taking damage.
You passively dampen the noise of your surroundings.


Message History

You barely miss the wight.
The wight is heavily damaged.
You block the wight's attack.
You hit the wight but do no damage.
The wight is heavily damaged.
You block the wight's attack.
You hit the wight. You burn the wight.
The wight is severely damaged.
The howler monkey hoots and howls with incredible vigour!
The wight hits you with a +3 great sword!
The wight completely resists.
You hit the wight but do no damage.
The wight is severely damaged.
The howler monkey hoots and howls with incredible vigour!
The wight hits you with a +3 great sword!!
The wight completely resists.
You are too injured to fight recklessly!
You are too injured to fight recklessly!
You are too injured to fight recklessly!
You are too injured to fight recklessly!
You are too injured to fight recklessly!
You are too injured to fight recklessly!
You are too injured to fight recklessly!
Casting: Freeze (safe; 1% risk of failure)
Confirm with . or Enter, or press ? or * to list all spells.
You miscast Call Canine Familiar.
You are very lightly contaminated with residual magic.
Nothing appears to happen.
* * * LOW HITPOINT WARNING * * *
You block the wight's attack.
You see here a killer bee corpse.
The wight attacks as it pursues you!
The wight hits you with a +3 great sword!
* * * LOW HITPOINT WARNING * * *
Casting: Call Canine Familiar (dangerous; 4% risk of failure)
Confirm with . or Enter, or press ? or * to list all spells.
* * * LOW HITPOINT WARNING * * *
The wight hits you with a +3 great sword!
You die...
Xom guffaws!

............≈.....)[
######....~~~~~..... .
####..~~....... ..
#...~~~..... ~~.
#...~~~..... .~..
########........... .....
'...........####....
.....h###########.####....
#.z)hz@.# #..(.#....
#.#####h######.#.......
#.........#..#####
#########.....# #...###.#
#...###.#### #...#.....yl
#..<#.#..### #..##.##..#.


You could see 2 howler monkeys, 2 wights and a friendly hound (summoned).

Vanquished Creatures
  A yak (D:9)
  Eustachio (D:4)
  A steam dragon (D:7)
  2 orc warriors
  An ice beast (D:8)
  A sky beast (D:8)
  2 ogres
  2 centaurs
  A phantom (D:5)
  A bullfrog (D:6)
  5 scorpions
  3 wights
  16 killer bees
  A hound (D:5)
  3 orc priests
  2 sleepcaps
  A gnoll bouda (D:7)
  2 jellies
  Jessica (D:3)
  5 iguanas
  4 orc wizards
  6 gnolls
  6 adders
  2 dart slugs (D:3)
  23 orcs
  7 ball pythons
  2 bat zombies (D:8)
  10 endoplasms
  A giant cockroach (D:1)
  5 goblins
  11 hobgoblins
  7 jackals
  3 kobolds
  3 quokkas (D:1)
  7 bats
  2 frilled lizards (D:1)
  7 rats
  2 rat zombies (D:8)
160 creatures vanquished.

Vanquished Creatures (collateral kills)
  2 yaks (D:9)
  Menkaure (D:7)
  An orc warrior (D:7)
  An ice beast (D:7)
  A scorpion (D:6)
  6 wights (D:8)
  4 killer bees
  A jelly (D:8)
  2 hounds
  3 orc wizards
  A white imp (D:8)
  7 orcs
  2 endoplasms
  A kobold (D:4)
33 creatures vanquished.

Grand Total: 193 creatures vanquished

Notes
Turn   | Place    | Note
-------+----------+-------------------------------------------
     0 | D:1      | cforsyth the Djinni Chaos Knight began the quest for the
                  | Orb.
     0 | D:1      | Reached XP level 1. HP: 20/20 MP: 0/0
   109 | D:1      | Reached XP level 2. HP: 25/25 MP: 0/0
   140 | D:1      | Reached skill level 1 in Spellcasting
   140 | D:1      | Reached skill level 1 in Conjurations
   140 | D:1      | Reached skill level 1 in Hexes
   140 | D:1      | Reached skill level 1 in Summonings
   140 | D:1      | Reached skill level 1 in Necromancy
   140 | D:1      | Reached skill level 1 in Translocations
   140 | D:1      | Reached skill level 1 in Transmutations
   140 | D:1      | Reached skill level 1 in Fire Magic
   140 | D:1      | Reached skill level 1 in Ice Magic
   140 | D:1      | Reached skill level 1 in Air Magic
   140 | D:1      | Reached skill level 1 in Earth Magic
   140 | D:1      | Reached skill level 1 in Poison Magic
   177 | D:1      | Reached XP level 3. HP: 19/30 MP: 0/0
   177 | D:1      | Learned a level 1 spell: Freeze
   256 | D:1      | XOM: silly message
   333 | D:1      | XOM: chaos upgrade
   481 | D:1      | XOM: confuse monster(s)
   910 | D:2      | XOM: noise
   921 | D:2      | Reached XP level 4. HP: 37/37 MP: 0/0
  1367 | D:2      | XOM: summons 1 hostile shadow creature
  1483 | D:2      | XOM: noise
  1630 | D:3      | Reached skill level 4 in Fighting
  1750 | D:3      | Reached skill level 1 in Shields
  1753 | D:3      | HP: 1/37 [gnoll/+0 flail (9)]
  1753 | D:3      | XOM: smoke on damage
  1978 | D:3      | XOM: give mutations
  1978 | D:3      | Gained mutation: You are strong-willed. (Will+) [Xom's
                  | mischief]
  1978 | D:3      | Gained mutation: You expend health (3 HP) to strengthen
                  | your wands. [Xom's mischief]
  2005 | D:3      | XOM: god gift: 18 gold pieces
  2045 | D:3      | Reached XP level 5. HP: 37/41 MP: 0/0
  2045 | D:3      | Learned a level 2 spell: Static Discharge
  2196 | D:3      | XOM: cloud trail
  2243 | D:3      | Noticed Jessica
  2261 | D:3      | Killed Jessica
  2388 | D:4      | Identified the +8 dagger "Ifynuqog" {flame, Fly Str+4}
  2408 | D:4      | Noticed Eustachio
  2417 | D:4      | XOM: enchant monster (good)
  2419 | D:4      | XOM: summons 5 friendly demons
  2432 | D:4      | Reached XP level 6. HP: 27/48 MP: 0/0
  2457 | D:4      | Killed Eustachio
  2458 | D:4      | Reached skill level 5 in Fighting
  2556 | D:4      | Noticed an ogre
  2567 | D:4      | XOM: cast spell 'Summon Ice Beast'
  2579 | D:4      | Killed an ogre
  2580 | D:4      | Reached XP level 7. HP: 33/54 MP: 0/0
  2580 | D:4      | Learned a level 3 spell: Call Canine Familiar
  3043 | D:5      | Entered Level 5 of the Dungeon
  3343 | D:5      | XOM: enchant monster (bad)
  3549 | D:5      | XOM: summons 7 friendly demons
  3591 | D:5      | XOM: scenery: create altars
  3643 | D:5      | Reached XP level 8. HP: 46/61 MP: 0/0
  3666 | D:5      | XOM: summons 3 hostile demons
  3760 | D:5      | XOM: scenery: 1 doors open
  3771 | D:5      | Reached skill level 6 in Fighting
  3774 | D:5      | XOM: god gift: 1206 gold pieces
  4130 | D:6      | XOM: 1-stop teleportation journey
  4140 | D:6      | XOM: give mutation
  4147 | D:6      | XOM: summons 1 hostile demon
  4148 | D:6      | XOM: stat loss: -1 Int (16/17)
  4154 | D:5      | Reached skill level 5 in Shields
  4272 | D:5      | XOM: silly message
  4315 | D:5      | XOM: summons 5 hostile demons
  4324 | D:6      | XOM: cast spell 'Cause Fear'
  4347 | D:6      | XOM: polymorph orc -> hobgoblin
  4457 | D:6      | XOM: scenery: summon butterflies
  4504 | D:6      | XOM: summons 5 hostile demons
  4917 | D:6      | Identified the +2 mace of Destiny {heavy, *Rage Str+2
                  | Int+4}
  4990 | D:6      | XOM: summons friendly iron imp
  5205 | D:6      | Reached skill level 7 in Fighting
  5215 | D:6      | Reached XP level 9. HP: 65/68 MP: 0/0
  5215 | D:6      | Learned a level 4 spell: Animate Armour
  5215 | D:6      | Identified the +0 leather armour of Pantheism {Fly rElec
                  | Str-3 Stlth+}
  5328 | D:7      | Found a shadowy altar of Dithmenos.
  5330 | D:7      | Noticed Menkaure
  5334 | D:7      | XOM: confuse monster(s)
  5586 | D:7      | Killed Menkaure
  5771 | D:7      | XOM: summons friendly white imp
  5964 | D:6      | XOM: god gift: ring of see invisible
  6661 | D:7      | Reached skill level 8 in Fighting
  6994 | D:7      | Found a snail-covered altar of Cheibriados.
  7000 | D:7      | XOM: potion effect (brilliance)
  7474 | D:7      | XOM: god gift: scroll labelled LESIOM SEMNOA {god gift}
  7695 | D:8      | Noticed a cyclops
  7695 | D:8      | XOM: summons 2 hostile shadow creatures
  7827 | D:8      | Reached skill level 5 in Spellcasting
  7827 | D:8      | Reached skill level 5 in Conjurations
  7827 | D:8      | Reached skill level 5 in Hexes
  7827 | D:8      | Reached skill level 5 in Summonings
  7827 | D:8      | Reached skill level 5 in Necromancy
  7827 | D:8      | Reached skill level 5 in Translocations
  7827 | D:8      | Reached skill level 5 in Transmutations
  7827 | D:8      | Reached skill level 5 in Fire Magic
  7827 | D:8      | Reached skill level 5 in Ice Magic
  7827 | D:8      | Reached skill level 5 in Air Magic
  7827 | D:8      | Reached skill level 5 in Earth Magic
  7827 | D:8      | Reached skill level 5 in Poison Magic
  7827 | D:8      | Reached XP level 10. HP: 52/77 MP: 0/0
  7849 | D:8      | XOM: give mutations
  7849 | D:8      | Gained mutation: You passively map a small area around you.
                  | [Xom's mischief]
  7849 | D:8      | Lost mutation: You passively map a small area around you.
                  | [Xom's mischief]
  7849 | D:8      | Gained mutation: You occasionally shout uncontrollably at
                  | your foes. [Xom's mischief]
  7849 | D:8      | Gained mutation: You occasionally lose the ability to drink
                  | potions when taking damage. [Xom's mischief]
  8065 | D:8      | XOM: noise
  8079 | D:8      | XOM: 1-stop teleportation journey
  8160 | D:8      | XOM: 8-stop teleportation journey
  8356 | D:8      | Reached skill level 9 in Fighting
  8493 | D:8      | XOM is BORED!
  8493 | D:8      | XOM: summons 6 hostile demons
  8585 | D:8      | XOM: give mutations
  8585 | D:8      | Gained mutation: You are frail. (-10% HP) [Xom's mischief]
  8585 | D:8      | Gained mutation: You passively dampen the noise of your
                  | surroundings. [Xom's mischief]
  8687 | D:8      | XOM: give mutations
  8687 | D:8      | Gained mutation: You are agile. (Dex +4, Str/Int -1) [Xom's
                  | mischief]
  8687 | D:8      | Lost mutation: You expend health (3 HP) to strengthen your
                  | wands. [Xom's mischief]
  8687 | D:8      | Gained mutation: A frigid envelope surrounds you and
                  | freezes all who hurt you. [Xom's mischief]
  8810 | D:8      | XOM: summons 1 hostile demon
  8904 | D:9      | XOM: silly message
  8960 | D:9      | XOM: silly message
  9285 | D:9      | XOM: silly message
  9385 | D:9      | Slain by a wight

Illustrated notes

Levels and vault maps discovered:
D:1:      wander_arrival_desolate, layout_loops_cross
D:2:      layout_basic
D:3:      layout_basic, minmay_diced_spiral, uniq_jessica
D:4:      layout_rooms, minmay_temple_entry_from_below_a, uniq_eustachio
D:5:      layout_basic, chequers_arboretum, kennysheep_generic_room_10
D:6:      layout_rooms
D:7:      layout_rooms, chequers_temple_overflow_statue_of_worship,
          uniq_menkaure
D:8:      lemuel_slime, layout_loops_corners, lemuel_zombie_altar_kikubaaqudgha
D:9:      layout_basic, minmay_misc_feat_five

Skill      XL: |  1  2  3  4  5  6  7  8  9 10 |
---------------+-------------------------------+-----
Spellcasting   | 1 2 3 4 5 |  5.7
Conjurations   | 1 2 3 4 5 |  5.7
Hexes          | 1 2 3 4 5 |  5.7
Summonings     | 1 2 3 4 5 |  5.7
Necromancy     | 1 2 3 4 5 |  5.7
Translocations | 1 2 3 4 5 |  5.7
Transmutations | 1 2 3 4 5 |  5.7
Fire Magic     | 1 2 3 4 5 |  5.7
Ice Magic      | 1 2 3 4 5 |  5.7
Air Magic      | 1 2 3 4 5 |  5.7
Earth Magic    | 1 2 3 4 5 |  5.7
Poison Magic   | 1 2 3 4 5 |  5.7
Fighting       | 4 5 7 8 9 |  9.6
Shields        | 1 2 3 4 5 7 8 |  8.6
Long Blades    | |  2.6
Armour         | |  1.0
Dodging        | |  2.1

Action                     |  1- 3 |  4- 6 |  7- 9 | 10-12 || total
---------------------------+-------+-------+-------+-------++-------
  Melee: Falchion          |   102 |    81 |       |       ||   183
         Punch             |       |     3 |     3 |       ||     6
         Dagger            |       |    15 |   249 |   102 ||   366
   Cast: Freeze            |     2 |     3 |    23 |    19 ||    47
         Call Canine Famil |       |       |    42 |    25 ||    67
         Static Discharge  |       |       |     2 |       ||     2
         Animate Armour    |       |       |    12 |    18 ||    30
    Use: Scroll            |       |       |     1 |     3 ||     4
   Stab: Paralysed         |     1 |       |       |       ||     1
         Sleeping          |       |     1 |       |       ||     1
         Distracted        |       |       |     2 |     1 ||     3
 Armour: Leather armour    |    78 |    53 |   250 |    83 ||   464
  Dodge: Dodged            |    90 |    76 |   228 |    78 ||   472
  Block: Kite shield       |       |       |       |    21 ||    21

Table legend: (Time is in decaauts)
 A = Elapsed time spent in this place.
 B = Non-inter-level travel time spent in this place.
 C = Inter-level travel time spent in this place.
 D = Time resting spent in this place.
 E = Time spent auto-exploring this place.
 F = Levels seen in this place.
 G = Mean time per level.
                   A        B        C        D        E       F      G
               +--------+--------+--------+--------+--------+-----+--------+
         Total |   9396 |   9229 |    167 |   2141 |   5234 |   9 | 1044.0 |
       Dungeon |   9396 |   9229 |    167 |   2141 |   5234 |   9 | 1044.0 |
               +--------+--------+--------+--------+--------+-----+--------+

Top non-repeatable levels by time:
     D:6: 1553 daAuts
     D:5: 1429 daAuts
     D:7: 1358 daAuts
     D:8: 1268 daAuts
     D:4: 864 daAuts
     D:3: 841 daAuts
     D:2: 815 daAuts
     D:1: 724 daAuts
     D:9: 541 daAuts
